 Dungeon Crawl Stone Soup version 0.28-a0-1033-g1a2f33fa85 (webtiles) character file.

Game seed: 14586436847822798611

1033 tilp the Chiller (level 8, 33/33 HPs)
             Began as a Felid Ice Elementalist on Dec 7, 2021.
             Quit the game on level 6 of the Dungeon.
             The game lasted 00:09:30 (8295 turns).

tilp the Chiller (Felid Ice Elementalist)           Turns: 8295, Time: 00:09:31

Health: 33/33      AC:  2    Str:  4    XL:     8   Next: 3%
Magic:  16/16      EV: 18    Int: 21    God:
Gold:   256        SH:  0    Dex: 16    Spells: 6/17 levels left
                                        Lives:  1   Deaths: 1

rFire   . . .      SeeInvis +     - Unarmed
rCold   . . .      Faith    .   (shield unavailable)
rNeg    . . .      Spirit   .   (armour unavailable)
rPois   +          Reflect  .   (helmet unavailable)
rElec   .          Harm     .   (cloak unavailable)
rCorr   .          Rampage  .   (gloves unavailable)
Will    ++...                   (boots unavailable)
Stlth   +++.......              (no amulet)
HPRegen 0.11/turn               c - ring of willpower
MPRegen 0.15/turn               n - ring of poison resistance

@: quick
A: very small, claws 1, fangs 3, see invisible, speed 1, shaggy fur 2, stealthy
paws, no weapons or thrown items, no armour, multi-lived
a: no special abilities


You were on level 6 of the Dungeon.
You visited 1 branch of the dungeon, and saw 6 of its levels.

You collected 256 gold pieces.

Inventory:

Jewellery
 c - a ring of willpower (left paw)
 g - a ring of ice
 n - a ring of poison resistance (right paw)
Wands
 k - a wand of paralysis (2)
 m - a wand of charming (18)
Scrolls
 a - 2 scrolls of teleportation
Potions
 b - 2 potions of mutation
 d - a potion of curing
 f - 2 potions of attraction
 h - a potion of flight {unknown}
 j - a potion of haste
 l - a potion of berserk rage {unknown}


   Skills:
 - Level 2.0 Fighting
 - Level 4.0 Dodging
 - Level 6.0 Stealth
 - Level 4.0 Unarmed Combat
 + Level 5.2 Spellcasting
 * Level 4.6 Conjurations
 + Level 6.9 Ice Magic


You had 6 spell levels left.
You knew the following spells:

 Your Spells              Type           Power      Damage    Failure   Level
a - Freeze                Ice            100%       1d11      1%          1
b - Frozen Ramparts       Ice            68%        1d8       1%          3
c - Ozocubu's Armour      Ice            34%        N/A       1%          3
d - Hailstorm             Conj/Ice       29%        3d8       10%         4

Your spell library contained the following spells:

 Spells                   Type           Power      Damage    Failure   Level
 Sandblast                Erth           10%        2d5       11%         1
 Stone Arrow              Conj/Erth      30%        3d8       12%         3
 Passwall                 Tmut/Erth      4%         N/A       16%         2


Dungeon Overview and Level Annotations

Branches:
Dungeon (6/15)
 Temple: D:4-7

Altars:
Fedhas
Vehumet
Xom

Annotations:
D:6 2 transporters, qborf's ghost, novice NaIE


Innate Abilities, Weirdness & Mutations

You have sharp claws.
You have razor-sharp teeth.
You have supernaturally acute eyesight. (SInv)
You cover ground quickly. (Speed+)
You are covered in thick fur. (AC +2)
Your paws help you pounce on unaware monsters.
You are incapable of wielding weapons or throwing items.
You cannot wear armour.
You gain extra lives every three experience levels.


Message History

You are blasted with magical energy!
The ice beast completely resists.
The wall freezes the ice beast but does no damage.
The wall freezes the gnoll!
Unknown command.
You scratch the ice beast but do no damage.
The ice beast is moderately wounded.
You barely miss the ice beast.
The ice beast is moderately wounded.
The ice beast completely resists.
The wall freezes the ice beast but does no damage.
The ice beast closely misses you.
The wall freezes the gnoll.
You closely miss the ice beast.
You bite the ice beast, but do no damage.
The ice beast is moderately wounded.
You scratch the ice beast.
The ice beast is heavily wounded.
Your extra speed is starting to run out.
The wall freezes the gnoll.
The ice beast completely resists.
The wall freezes the ice beast but does no damage.
The ice beast hits you. The ice beast freezes you!
* * * LOW HITPOINT WARNING * * *
The wall freezes the gnoll!
You kill the gnoll!
You scratch the ice beast but do no damage.
You bite the ice beast.
The ice beast is heavily wounded.
The ice beast completely resists.
The wall freezes the ice beast but does no damage.
The ice beast hits you.
* * * LOW HITPOINT WARNING * * *
The ice beast freezes you!
You die...
The wall freezes the gnoll.
You are now level 8!
You rejoin the land of the living...
Unknown command.
Unknown command.
Unknown command.
Unknown command.
Are you sure you want to abandon this character and quit the game? (Confirm with "yes".)

##################
#.....#..........#
#.....#.[........###
#.....#............#
###.########.....#....$.....#.#
.....gY†...'.....+.............
##.g########.....##.######.....
#..@................
######......###.###.
#.....######### #....###.# #y##
#....##y$.#.y.# #....####.#.#.#
###+.# .#...# ..# .#y ( .


W There were no monsters in sight!

Vanquished Creatures
  Grinder (D:3)
  5 yaks (D:5)
  A steam dragon (D:6)
  Menkaure (D:5)
  A hornet zombie (D:6)
  An orc warrior (D:6)
  A black bear (D:4)
  A necrophage (D:4)
  A phantom (D:4)
  A hound (D:6)
  A bullfrog skeleton (D:4)
  A jelly (D:4)
  Ijyb (D:3)
  3 iguanas
  2 hound skeletons (D:4)
  A hound zombie (D:5)
  2 gnolls (D:6)
  6 adders
  An adder skeleton (D:4)
  5 worms
  2 dart slugs
  10 orcs
  8 ball pythons
  8 endoplasms
  3 giant cockroaches
  6 hobgoblins
  8 jackals
  A quokka (D:1)
  6 bats
  4 frilled lizards
  6 goblins
  5 kobolds
  10 rats
114 creatures vanquished.

Notes
Turn   | Place    | Note
-------+----------+-------------------------------------------
     0 | D:1      | tilp the Felid Ice Elementalist began the quest for the
                  | Orb.
     0 | D:1      | Reached XP level 1. HP: 7/7 MP: 4/4
    29 | D:1      | Reached skill level 1 in Unarmed Combat
   588 | D:1      | Reached XP level 2. HP: 11/11 MP: 6/6
  1441 | D:1      | Reached XP level 3. HP: 15/15 MP: 5/7
  1665 | D:1      | You fall into a shaft and drop 1 floor!
  1674 | D:2      | Learned a level 3 spell: Frozen Ramparts
  2544 | D:2      | Reached skill level 1 in Fighting
  2770 | D:2      | Reached XP level 4. HP: 15/19 MP: 0/8
  3387 | D:3      | Found a faded altar of an unknown god.
  3537 | D:3      | Noticed Ijyb
  3585 | D:3      | Paralysed by Ijyb for 6 turns
  3592 | D:3      | Killed Ijyb
  4024 | D:3      | Noticed Grinder
  4036 | D:3      | Killed Grinder
  4037 | D:3      | Reached skill level 5 in Stealth
  4037 | D:3      | Reached XP level 5. HP: 19/22 MP: 5/9
  4037 | D:3      | Gained mutation: You are covered in thick fur. (AC +2)
                  | [Felid growth]
  4037 | D:3      | Reached XP level 6. HP: 23/26 MP: 5/10
  4530 | D:3      | Found a radiant altar of Vehumet.
  4796 | D:3      | Found a blossoming altar of Fedhas.
  4796 | D:3      | Found a shimmering altar of Xom.
  5069 | D:3      | Learned a level 3 spell: Ozocubu's Armour
  5262 | D:4      | Reached XP level 7. HP: 30/30 MP: 11/11
  5814 | D:4      | Learned a level 4 spell: Hailstorm
  5852 | D:4      | Reached skill level 5 in Ice Magic
  6725 | D:5      | Entered Level 5 of the Dungeon
  6796 | D:5      | Noticed a yak
  7176 | D:5      | Noticed a yak
  7178 | D:5      | Noticed a yak
  7179 | D:5      | Noticed a yak
  7179 | D:5      | Noticed a yak
  7188 | D:5      | Killed a yak
  7191 | D:5      | Killed a yak
  7192 | D:5      | Reached skill level 1 in Conjurations
  7192 | D:5      | Reached XP level 8. HP: 24/33 MP: 1/15
  7872 | D:5      | Noticed Menkaure
  7898 | D:5      | Killed Menkaure
  8148 | D:6      | Reached skill level 5 in Spellcasting
  8194 | D:6      | Found a transporter.
  8210 | D:6      | Found a transporter.
  8210 | D:6      | Noticed qborf's ghost (novice NaIE)
  8273 | D:6      | Reached XP level 9. HP: 27/36 MP: 17/17
  8294 | D:6      | Slain by an ice beast
  8295 | D:6      | Reached XP level 8. HP: -5/33 MP: 2/16
  8295 | D:6      | Quit the game

Illustrated notes

Levels and vault maps discovered:
D:1:      onia_arrival_handbag, layout_loops_ring
D:2:      layout_loops_corners, wander_ebering_terrifying_dragon_lair
D:3:      layout_basic, vehumet_crystals, gammafunk_temple_overflow_pools,
          hellmonk_ecumenical_altar_heavens_door, lemuel_another_geyser,
          uniq_grinder, uniq_ijyb
D:4:      layout_basic
D:5:      layout_loops_cross, nicolae_figureground_pulse, uniq_menkaure
D:6:      layout_basic, minmay_temple_entry_stoned_glass, gammafunk_ghost_hive,
          gup_sewer_entry_bubbles, serial_shops, nicolae_shop_hallway_stairs,
          kennysheep_small_spiral, uniq_sigmund, uniq_eustachio

Skill      XL: |  1  2  3  4  5  6  7  8 |
---------------+-------------------------+-----
Unarmed Combat | 1 2 4 |  4.0
Dodging        | 3 4 |  4.0
Stealth        | 3 5 6 |  6.0
Fighting       | 1 2 |  2.0
Ice Magic      | 4 6 |  6.9
Spellcasting   | 4 5 |  5.2
Conjurations   | 1 4 |  4.6

Action                   |  1- 3 |  4- 6 |  7- 9 || total
-------------------------+-------+-------+-------++-------
Melee: Unarmed           |    32 |    33 |   115 ||   180
       Bite              |     3 |     2 |    11 ||    16
       Punch             |       |       |     1 ||     1
 Cast: Freeze            |    47 |    26 |    42 ||   115
       Frozen Ramparts   |     4 |     3 |    12 ||    19
       Ozocubu's Armour  |       |     1 |    16 ||    17
       Hailstorm         |       |       |     2 ||     2
Evoke: Wand              |       |     1 |     5 ||     6
  Use: Scroll            |     3 |     5 |     5 ||    13
       Potion            |       |       |     3 ||     3
 Stab: Sleeping          |    12 |     8 |     7 ||    27
       Paralysed         |       |     3 |     2 ||     5
Armor: Skin              |     2 |     3 |    24 ||    29
Dodge: Dodged            |    31 |    39 |    88 ||   158

Table legend: (Time is in decaauts)
 A = Elapsed time spent in this place.
 B = Non-inter-level travel time spent in this place.
 C = Inter-level travel time spent in this place.
 D = Time resting spent in this place.
 E = Time spent auto-exploring this place.
 F = Levels seen in this place.
 G = Mean time per level.
                   A        B        C        D        E       F      G
               +--------+--------+--------+--------+--------+-----+--------+
         Total |   7566 |   7463 |    103 |   2737 |   3756 |   6 | 1261.0 |
       Dungeon |   7566 |   7463 |    103 |   2737 |   3756 |   6 | 1261.0 |
               +--------+--------+--------+--------+--------+-----+--------+

Top non-repeatable levels by time:
     D:4: 1645 daAuts
     D:1: 1636 daAuts
     D:3: 1459 daAuts
     D:2: 1451 daAuts
     D:5: 1255 daAuts
     D:6: 118 daAuts
